 Dungeon Crawl Stone Soup version 0.26.1-10-gdfb7c7de75 (webtiles) character file.

Game seed: 1672407443613036043

42434 Rester5115 the Blocker (level 13, -5/94 (107) HPs)
             Began as a Demonspawn Gladiator on Apr 3, 2021.
             Was a Believer of Jiyva.
             Killed by a bolt of negative energy (24 damage)
             ... invoked by the anger of Yredelemnul
             ... on level 6 of the Lair of Beasts.
             The game lasted 01:52:46 (19161 turns).

Rester5115 the Blocker (Demonspawn Gladiator)      Turns: 19161, Time: 01:52:47

HP:   -5/94 (107)   AC: 23    Str: 31    XL:     13   Next: 85%
MP:   22/22         EV: 10    Int:  9    God:    Jiyva [**....]
Gold: 446           SH: 19    Dex: 21    Spells: 12/12 levels left

rFire    . . .     SeeInvis .   m - +12 rapier "Attih" {drain, *Rage Dex+5}
rCold    + + .     Faith    .   Q - +0 kite shield
rNeg     . . .     Spirit   .   T - +2 plate armour
rPois    .         Reflect  +   (helmet restricted)
rElec    .         Harm     .   e - +0 cloak
rCorr    .         Rampage  .   I - +0 pair of gloves
Will     .....     Rnd*Rage +   w - +0 pair of boots
Stlth    ..........             E - amulet "Veckupt" {Reflect MP+9 Slay+2 SH+5}
HPRegen  0.25/turn              i - +6 ring of strength
MPRegen  0.18/turn              C - +6 ring of strength

@: heavily drained
A: horns 2, rugged brown scales 2, cold resistance 2, powered by death 1, miasma
immunity
a: Renounce Religion, Request Jelly


You were on level 6 of the Lair of Beasts.
You worshipped Jiyva.
Jiyva was pleased with you.
You visited 4 branches of the dungeon, and saw 20 of its levels.

You collected 939 gold pieces.
You spent 493 gold pieces at shops.

Inventory:

Hand Weapons
 a - a +1 trident
 m - the +12 rapier "Attih" (weapon) {drain, *Rage Dex+5}
   (You bought it in a shop on level 6 of the Dungeon)

   A truly terrible weapon, it drains the life of those it strikes.
   It affects your dexterity (+5).
   It may make you go berserk in combat.
 J - a +2 falchion of freezing
 Z - the cursed +0 falchion of Descent {pain, rPois Dex+4}
   (You bought it in a shop on level 6 of the Dungeon)

   In the hands of one skilled in necromantic magic, it inflicts extra damage on
   living creatures.
   It affects your dexterity (+4).
   It protects you from poison.
   It has a curse placed upon it.
Missiles
 A - 24 poisoned darts (quivered)
 P - 2 throwing nets
Armour
 e - a +0 cloak (worn)
 w - a +0 pair of boots (worn)
 I - a +0 pair of gloves (worn)
 Q - a +0 kite shield (worn)
 R - +0 steam dragon scales
 T - a +2 plate armour (worn)
 Y - a scarf of invisibility
Jewellery
 d - an uncursed ring of willpower
 i - a +6 ring of strength (left hand)
 o - an uncursed ring of willpower
 q - an uncursed ring of protection from cold
 v - an uncursed ring of ice
 y - an uncursed amulet of guardian spirit
 C - a +6 ring of strength (right hand)
 E - the amulet "Veckupt" (around neck) {Reflect MP+9 Slay+2 SH+5}
   (You found it on level 5 of the Dungeon)

   [amulet of reflection]

   It shields you and reflects attacks.
   It affects your accuracy and damage with ranged weapons and melee attacks
   (+2).
   It affects your magic capacity (+9).
   It affects your SH (+5).
 H - an uncursed ring of protection from cold
Wands
 b - a wand of acid (12)
 c - a wand of paralysis (11)
 g - a wand of random effects (30)
 h - a wand of flame (19)
 r - a wand of polymorph (44)
Scrolls
 j - 5 scrolls of magic mapping
 l - 9 scrolls of remove curse
 t - 8 scrolls of teleportation
 u - a scroll of acquirement {unknown}
 D - 3 scrolls of fear
 F - 4 scrolls of amnesia
 K - 3 scrolls of identify
 V - 3 scrolls of enchant weapon
 W - 2 scrolls of fog
 X - a scroll of torment {unknown}
Potions
 f - 4 potions of heal wounds {unknown}
 k - a potion of flight
 n - a potion of resistance {unknown}
 p - 2 potions of magic
 s - 6 potions of curing
 x - a potion of might
 z - 2 potions of attraction {unknown}
 B - 4 potions of berserk rage
 G - 2 potions of ambrosia {unknown}
 M - 2 potions of lignification
 N - a potion of cancellation
 O - a potion of haste {unknown}
 U - a potion of brilliance


   Skills:
 + Level 9.7 Fighting
 + Level 10.7 Short Blades
 - Level 5.3 Polearms
 + Level 6.8 Throwing
 + Level 10.5 Armour
 - Level 3.3 Dodging
 + Level 11.5 Shields
 - Level 0.9 Evocations


You had 12 spell levels left.
You didn't know any spells.
Your spell library contained the following spells:

 Spells                   Type           Power        Failure   Level
 Magic Dart               Conj           0%           99%         1
 Blink                    Tloc           N/A          99%         2
 Call Imp                 Summ           0%           99%         2
 Slow                     Hex            0%           99%         2
 Conjure Flame            Conj/Fire      0%           100%        3
 Mephitic Cloud           Conj/Pois/Air  0%           100%        3
 Ice Form                 Ice/Tmut       0%           100%        4
 Metabolic Englaciation   Hex/Ice        0%           100%        5
 Freezing Cloud           Conj/Ice/Air   0%           100%        6
 Ozocubu's Refrigeration  Ice            0%           100%        6
 Simulacrum               Ice/Necr       0%           100%        6


Dungeon Overview and Level Annotations

Branches:
Dungeon (8/15)             Temple (1/1) D:5            Lair (6/6) D:8
 Shoals (0/4) Lair:2       Spider (0/4) Lair:2        Slime (5/5) Lair:6

Altars:
Ashenzari
Cheibriados
Dithmenos
Elyvilon
Fedhas
Gozag
Hepliaklqana
Kikubaaqudgha
Makhleb
Nemelex Xobeh
Okawaru
Qazlal
Ru
Sif Muna
Trog
Uskayaw
Vehumet
Wu Jian
Xom
Yredelemnul
Zin
The Shining One
Jiyva

Shops:
D:6 (

Annotations:
Slime:5 Royal Jelly


Innate Abilities, Weirdness & Mutations

You have a pair of horns on your head.
You are mostly covered in rugged brown scales. (AC +2, +5% HP)
You regenerate a little health from kills.
You are immune to miasma.
Your flesh is very cold resistant. (rC++)


Message History

The catoblepas gores you but does no damage.
You hear a distant slurping noise.
Jiyva appreciates your sacrifice. The catoblepas gores you!
* * * LOW HITPOINT WARNING * * *
You turn to flesh and can move again.
As you read the scroll of teleportation, it crumbles to dust.
You feel strangely unstable. You block the catoblepas's attack.
Your surroundings suddenly seem different.
A nearby plant withers and dies.
You start resting.
You hear a distant slurping noise. x2
Yredelemnul's anger turns toward you for a moment.
The bolt of negative energy hits you!!
You feel drained.
* * * LOW HITPOINT WARNING * * *
You feel better.
You start resting.
Yredelemnul's anger turns toward you for a moment.
The bolt of negative energy hits you!!
You feel drained.
You die...

##....####.......Y##
# ##.### ##.###...##
### ##..# ##..P# #
### ###..## #...##
#P.##J..## ##..###
##......### ##...##
#....##...###
###..###
##...####...##
##....# #..P@#
##..P###.....#
###### ##...#.....P#
##.......P##
###.##P.## #######


You could see the anger of Yredelemnul (unaware).

Vanquished Creatures
  Nessos (Lair:5)
  Snorg (Lair:5)
  Josephine (Lair:5)
  A catoblepas (Lair:6)
  A boulder beetle (Lair:3)
  9 hydras
  11 death yaks
  A fire crab (Lair:3)
  A lindwurm (Lair:5)
  2 manticores (Lair:6)
  5 elephants
  2 black mambas
  A torpor snail (Lair:3)
  8 cane toads
  15 komodo dragons
  6 rime drakes
  Maggie (D:7)
  4 polar bears
  Grinder (D:5)
  6 flying skulls (Lair:6)
  26 yaks
  Eustachio (D:4)
  5 wraiths
  3 basilisks
  6 wyverns
  Menkaure (D:7)
  18 water moccasins
  2 orc warriors
  A sky beast (D:8)
  2 ice beasts (D:7)
  A wolf (Lair:3)
  3 centaurs
  4 ogres
  2 phantoms
  11 bullfrogs
  4 scorpions
  A water moccasin skeleton (D:6)
  4 wights (D:6)
  4 electric eels
  6 howler monkeys
  3 hounds
  4 orc priests
  A jelly (D:5)
  3 orc wizards
  Jessica (D:2)
  2 iguanas
  A centaur skeleton (D:8)
  7 worker ants
  A hound zombie (D:8)
  8 gnolls
  9 adders
  A shadow imp (D:7)
  3 white imps (D:8)
  An ooze (D:2)
  2 worms
  7 leopard geckos
  14 orcs
  7 giant cockroaches
  9 goblins
  7 hobgoblins
  12 jackals
  5 kobolds
  4 quokkas
  3 bats
  4 frilled lizards
  7 rats
  A yak zombie (Lair:5)
310 creatures vanquished.

Vanquished Creatures (collateral kills)
  Rupert (Lair:4)
  An orb spider (Lair:2)
  2 black mambas
  A komodo dragon (Lair:1)
  A water moccasin (Lair:3)
  A bullfrog (Lair:2)
  2 hound skeletons (D:8)
9 creatures vanquished.

Vanquished Creatures (others)
  A dream sheep (Lair:6)
  A water moccasin (Lair:6)
  7 jellies (Lair:6)
  A boulder beetle zombie (Lair:3)
  A hydra zombie (Lair:4)
  A death yak skeleton (Lair:3)
  A torpor snail zombie (Lair:3)
  A wolf zombie (Lair:3)
  6 bullfrog zombies
  6 komodo dragon zombies
  A water moccasin skeleton (Lair:3)
  A cane toad zombie (Lair:4)
  A rime drake zombie (Lair:3)
  An ogre zombie (D:7)
  A polar bear zombie (Lair:3)
  5 yak zombies
  3 howler monkey zombies
  A water moccasin zombie (Lair:3)
  2 worker ant zombies (D:7)
  28 fungi
  48 plants
118 creatures vanquished.

Grand Total: 437 creatures vanquished

Notes
Turn   | Place    | Note
-------+----------+-------------------------------------------
     0 | D:1      | Rester5115 the Demonspawn Gladiator began the quest for the
                  | Orb.
     0 | D:1      | Reached XP level 1. HP: 16/16 MP: 1/1
   236 | D:1      | Gained mutation: You are immune to miasma. [demonic
                  | ancestry]
   236 | D:1      | Reached XP level 2. HP: 19/22 MP: 2/2
   625 | D:1      | Reached XP level 3. HP: 27/27 MP: 3/3
  1176 | D:2      | Noticed Jessica
  1222 | D:2      | Killed Jessica
  1223 | D:2      | Reached XP level 4. HP: 33/33 MP: 4/4
  1298 | D:2      | Found a stormy altar of Qazlal.
  1299 | D:2      | Found an ancient bone altar of Kikubaaqudgha.
  1304 | D:2      | Reached skill level 1 in Armour
  1510 | D:2      | Gained mutation: You are partially covered in rugged brown
                  | scales. (AC +1, +3% HP) [demonic ancestry]
  1510 | D:2      | Reached XP level 5. HP: 33/39 MP: 5/5
  2865 | D:4      | Noticed an ogre
  2956 | D:4      | Reached XP level 6. HP: 12/47 MP: 6/6
  3694 | D:5      | Entered Level 5 of the Dungeon
  3769 | D:5      | Noticed a sky beast
  4621 | D:5      | Reached skill level 5 in Polearms
  4646 | D:5      | Gained mutation: You regenerate a little health from kills.
                  | [demonic ancestry]
  4646 | D:5      | Reached XP level 7. HP: 27/53 MP: 7/7
  4982 | D:5      | Got a bound pewter amulet
  4990 | D:5      | Found a staircase to the Ecumenical Temple.
  4991 | D:5      | Noticed Grinder
  4999 | D:5      | Paralysed by Grinder for 6 turns
  5076 | Temple   | Entered the Ecumenical Temple
  5182 | Temple   | Became a worshipper of Yredelemnul the Dark
  5208 | D:5      | Paralysed by Grinder for 7 turns
  5218 | D:5      | Paralysed by Grinder for 5 turns
  5832 | D:4      | Noticed Eustachio
  6245 | D:6      | Identified the amulet "Veckupt" {Reflect MP+9 Slay+2 SH+5}
                  | (You found it on level 5 of the Dungeon)
  6379 | D:6      | Found Fuileh's Antique Weapon Emporium.
  6408 | D:6      | Bought a slimy rapier for 261 gold pieces
  6408 | D:6      | Identified the +12 rapier "Attih" {drain, *Rage Dex+5} (You
                  | bought it in a shop on level 6 of the Dungeon)
  6470 | D:6      | Found a stormy altar of Qazlal.
  6553 | D:6      | Reached skill level 1 in Short Blades
  6694 | D:6      | Reached XP level 8. HP: 52/61 MP: 8/8
  7212 | D:6      | Reached skill level 5 in Short Blades
  7212 | D:6      | Reached skill level 1 in Shields
  7674 | D:4      | Killed Eustachio
  8134 | D:5      | Paralysed by Grinder for 3 turns
  8142 | D:5      | Killed Grinder
  8143 | D:5      | Reached XP level 9. HP: 52/67 MP: 9/9
  8233 | D:7      | Reached skill level 2 in Shields
  8248 | D:7      | Noticed Menkaure
  8254 | D:7      | Killed Menkaure
  8254 | D:7      | Reached * piety under Yredelemnul
  8354 | D:7      | Noticed Maggie
  8375 | D:7      | Killed Maggie
  8562 | D:7      | Found a snail-covered altar of Cheibriados.
  8812 | D:7      | Found a shadowy altar of Dithmenos.
  8815 | D:7      | Reached skill level 5 in Fighting
  8968 | D:7      | Reached skill level 3 in Shields
  9271 | D:8      | Found a burning altar of Makhleb.
  9384 | D:8      | Reached skill level 4 in Shields
  9391 | D:8      | Reached ** piety under Yredelemnul
  9669 | D:8      | Found a glowing golden altar of the Shining One.
  9700 | D:8      | Found a staircase to the Lair.
  9700 | D:8      | Noticed a komodo dragon
  9711 | D:8      | Killed a komodo dragon
  9712 | D:8      | Gained mutation: You have a pair of small horns on your
                  | head. [demonic ancestry]
  9712 | D:8      | Reached XP level 10. HP: 72/76 MP: 10/10
 10224 | D:6      | Bought a fine falchion for 232 gold pieces
 10224 | D:6      | Identified the cursed +0 falchion of Descent {pain, rPois
                  | Dex+4} (You bought it in a shop on level 6 of the Dungeon)
 10285 | Lair:1   | Entered Level 1 of the Lair of Beasts
 10713 | Lair:1   | Noticed a cane toad
 10721 | Lair:1   | Killed a cane toad
 10722 | Lair:1   | Reached skill level 5 in Shields
 10985 | Lair:1   | Found a dark tunnel.
 11030 | Lair:1   | Noticed a cane toad
 11037 | Lair:1   | Killed a cane toad
 11193 | Lair:1   | Noticed a cane toad
 11203 | Lair:1   | Killed a cane toad
 11210 | Lair:1   | Reached skill level 6 in Shields
 11498 | Lair:2   | Found a staircase to the Shoals.
 11728 | Lair:2   | Found a hole to the Spider Nest.
 11728 | Lair:2   | Noticed an orb spider
 11743 | Lair:2   | Killed an orb spider
 11744 | Lair:2   | Reached skill level 5 in Throwing
 11907 | Lair:2   | Reached skill level 5 in Armour
 11995 | Lair:2   | Noticed a black mamba
 12008 | Lair:2   | Killed a black mamba
 12417 | Lair:2   | Reached skill level 7 in Shields
 12418 | Lair:2   | Noticed a cane toad
 12423 | Lair:2   | Killed a cane toad
 12767 | Lair:3   | Noticed a torpor snail
 12780 | Lair:3   | Killed a torpor snail
 12836 | Lair:3   | Gained mutation: You have a pair of horns on your head.
                  | [demonic ancestry]
 12836 | Lair:3   | Reached XP level 11. HP: 85/85 MP: 11/11
 13188 | Lair:3   | Noticed a seven-headed hydra
 13194 | Lair:3   | Killed a seven-headed hydra
 13311 | Lair:3   | Reached skill level 8 in Shields
 13340 | Lair:3   | Noticed an eight-headed hydra
 13351 | Lair:3   | Killed an eight-headed hydra
 13426 | Lair:3   | Reached *** piety under Yredelemnul
 13537 | Lair:3   | Noticed an eight-headed hydra
 13545 | Lair:3   | Killed an eight-headed hydra
 13738 | Lair:3   | Noticed a six-headed hydra
 13744 | Lair:3   | Killed a six-headed hydra
 13871 | Lair:3   | Noticed a six-headed hydra
 13875 | Lair:3   | Noticed a seven-headed hydra
 14010 | Lair:3   | Noticed a boulder beetle
 14027 | Lair:3   | Killed a boulder beetle
 14028 | Lair:3   | Reached skill level 9 in Shields
 14062 | Lair:3   | Noticed a death yak
 14062 | Lair:3   | Noticed a fire crab
 14062 | Lair:3   | Noticed a four-headed hydra
 14066 | Lair:3   | Killed a death yak
 14067 | Lair:3   | Reached XP level 12. HP: 90/93 MP: 12/12
 14069 | Lair:3   | Killed a four-headed hydra
 14840 | Lair:3   | Killed a six-headed hydra
 14985 | Lair:3   | Gained mutation: Your flesh is cold resistant. (rC+)
                  | [potion of mutation]
 14985 | Lair:3   | Gained mutation: Your flesh is very cold resistant. (rC++)
                  | [potion of mutation]
 15197 | Lair:3   | Killed a seven-headed hydra
 15470 | Lair:4   | Noticed a death yak
 15470 | Lair:4   | Noticed a death yak
 15470 | Lair:4   | Noticed a death yak
 15471 | Lair:4   | Noticed a death yak
 15471 | Lair:4   | Noticed a death yak
 15472 | Lair:4   | Noticed a four-headed hydra
 15480 | Lair:4   | Killed a death yak
 15483 | Lair:4   | Killed a death yak
 15489 | Lair:4   | Killed a death yak
 15490 | Lair:4   | Reached skill level 10 in Shields
 15490 | Lair:4   | Killed a four-headed hydra
 15494 | Lair:4   | Killed a death yak
 15497 | Lair:4   | Killed a death yak
 15929 | Lair:4   | Noticed Rupert
 15949 | Lair:4   | Killed Rupert
 16265 | Lair:5   | Gained mutation: You are mostly covered in rugged brown
                  | scales. (AC +2, +5% HP) [demonic ancestry]
 16265 | Lair:5   | Reached XP level 13. HP: 105/105 MP: 13/13
 16283 | Lair:5   | Noticed Snorg
 16294 | Lair:5   | Killed Snorg
 16630 | Lair:5   | Noticed Josephine
 16635 | Lair:5   | Noticed Nessos
 16640 | Lair:5   | Killed Josephine
 16652 | Lair:5   | Killed Nessos
 17395 | Lair:6   | Entered Level 6 of the Lair of Beasts
 17418 | Lair:6   | Reached skill level 11 in Shields
 17428 | Lair:6   | Reached skill level 10 in Short Blades
 17428 | Lair:6   | Reached skill level 10 in Armour
 17530 | Lair:6   | Reached **** piety under Yredelemnul
 17688 | Lair:6   | Found a staircase to the Slime Pits.
 17694 | Lair:6   | Found a viscous altar of Jiyva.
 17729 | Lair:6   | Fell from the grace of Yredelemnul
 17729 | Lair:6   | Became a worshipper of Jiyva Jeduyrgh the Shapeless
 17732 | Slime:1  | Entered Level 1 of the Pits of Slime
 17732 | Slime:1  | Noticed an acid blob
 17732 | Slime:1  | Noticed an acid blob
 17917 | Slime:2  | Noticed an acid blob
 18085 | Slime:3  | Noticed an acid blob
 18090 | Slime:3  | Noticed an azure jelly
 18133 | Slime:3  | Noticed an acid blob
 18155 | Slime:3  | Noticed an acid blob
 18168 | Slime:3  | Noticed an acid blob
 18198 | Slime:3  | Noticed an acid blob
 18263 | Slime:4  | Noticed an acid blob
 18263 | Slime:4  | Noticed an acid blob
 18288 | Slime:4  | Noticed an acid blob
 18325 | Slime:4  | Noticed an acid blob
 18446 | Slime:4  | Noticed an azure jelly
 18448 | Slime:5  | Entered Level 5 of the Pits of Slime
 18475 | Slime:5  | Noticed the Royal Jelly
 18493 | Slime:5  | Noticed an azure jelly
 18507 | Slime:5  | Noticed an azure jelly
 18509 | Slime:5  | Noticed an acid blob
 18559 | Slime:5  | Noticed an acid blob
 18575 | Slime:5  | Noticed an acid blob
 18608 | Slime:5  | Noticed a death ooze
 18613 | Slime:5  | Noticed an acid blob
 18613 | Slime:5  | Noticed an acid blob
 18623 | Slime:5  | Noticed an azure jelly
 18654 | Slime:5  | Found a viscous altar of Jiyva.
 18655 | Slime:5  | Found the +2 Maxwell's thermic engine {flame, freeze}
 18946 | Lair:6   | Reached * piety under Jiyva
 19084 | Lair:6   | Reached ** piety under Jiyva
 19161 | Lair:6   | Killed by a bolt of negative energy

Illustrated notes

Levels and vault maps discovered:
D:1:      denvon_arrival_waterhouse, layout_rooms, feat_on_display
D:2:      layout_rooms, gammafunk_temple_overflow_pools, minivault_26,
          grunt_ministairs_4, uniq_jessica
D:3:      layout_loops_ring, minivault_5
D:4:      layout_cave_pools, minmay_misc_feat_rugged, uniq_eustachio
D:5:      layout_loops_ring, minmay_temple_entry_drinking_statues, uniq_grinder
D:6:      minmay_inner_zag, layout_basic, serial_shops, shop_fountains,
          dk_noncrumbling_2, grunt_qazlal_clouds
D:7:      layout_cave_pools, nicolae_dithmenos_through_a_glass_darkly,
          cheibriados_altar_1, st_stairs_10, uniq_maggie, uniq_menkaure
D:8:      layout_rooms, kennysheep_mini_moat, makhleb_heckhound_becter,
          david_lair_shrubbed, nrook_pool_corridor
Temple:   kb_temple_of_zot
Lair:1:   layout_gridlike, nicolae_volcano_entry_s_turn, lemuel_fruit_fields
Lair:2:   layout_cave_pods, elwin_shoals_entry_rocks,
          nicolae_spider_entry_orb_guardian, guppyfry_lair_drakes,
          grunt_megastairs_5
Lair:3:   nzn_winding_woodlands_large [nzn_winding_woodlands_5x5_default,
          nzn_winding_woodlands_5x15_pathside_ponds,
          nzn_winding_woodlands_5x5_checkerboard,
          nzn_winding_woodlands_center_lodge,
          nzn_winding_woodlands_15x15_eel_pit,
          nzn_winding_woodlands_center_pierced_h,
          nzn_winding_woodlands_5x5_default, nzn_winding_woodlands_5x15_cabin,
          nzn_winding_woodlands_5x5_default], layout_gridlike
Lair:4:   layout_long_grid, amcnicky_mini_pool_medium, uniq_rupert
Lair:5:   layout_misc_corridors, beast_lair_carwin_11, uniq_josephine,
          uniq_snorg, uniq_nessos
Lair:6:   evilmike_catoblepas_cave, layout_regular_city, slime_altar_1,
          st_stairs_12, grunt_megastairs_4
Slime:1:  layout_caves
Slime:2:  layout_caves
Slime:3:  layout_caves
Slime:4:  layout_caves
Slime:5

Skill      XL: |  1  2  3  4  5  6  7  8  9 10 11 12 13 |
---------------+----------------------------------------+-----
Polearms       | 3 4 5 |  5.3
Throwing       | 2 3 4 5 6 |  6.8
Dodging        | 3 |  3.3
Armour         | 1 2 4 5 8 9 10 | 10.5
Fighting       | 3 4 5 6 7 8 9 |  9.7
Short Blades   | 3 6 8 9 10 | 10.7
Shields        | 1 4 7 9 10 11 | 11.5
Evocations     | |  0.9

Action                   |  1- 3 |  4- 6 |  7- 9 | 10-12 | 13-15 || total
-------------------------+-------+-------+-------+-------+-------++-------
Melee: Trident           |    96 |   190 |    44 |       |       ||   330
       Rapier            |       |       |   162 |   264 |   239 ||   665
       Headbutt          |       |       |       |    98 |    94 ||   192
Throw: Boomerang         |    41 |    22 |       |       |       ||    63
       Throwing net      |       |     4 |       |       |       ||     4
       Dart              |       |     6 |    37 |    27 |       ||    70
Invok: Animate Remains   |       |       |     8 |    28 |       ||    36
       Recall Undead Sla |       |       |       |     1 |       ||     1
       Animate Dead      |       |       |       |     4 |     9 ||    13
       Injury Mirror     |       |       |       |     1 |       ||     1
 Abil: Evoke Invisibilit |       |       |     1 |       |       ||     1
  Use: Scroll            |     2 |     4 |    12 |    13 |     1 ||    32
       Potion            |       |     4 |     2 |     2 |     1 ||     9
 Stab: Sleeping          |       |     3 |       |       |       ||     3
       Distracted        |       |       |       |     2 |     1 ||     3
       Petrified         |       |       |       |       |     1 ||     1
Armor: Leather armour    |    24 |    17 |       |       |       ||    41
       Skin              |     4 |       |       |       |       ||     4
       Scale mail        |       |    23 |    30 |       |       ||    53
       Plate armour      |       |       |    12 |   107 |    89 ||   208
       Chain mail        |       |       |     5 |       |       ||     5
Dodge: Dodged            |    58 |    92 |    67 |    58 |    49 ||   324
Block: Other             |       |       |    13 |       |       ||    13
       Buckler           |       |       |     5 |       |       ||     5
       Kite shield       |       |       |    62 |   220 |   174 ||   456
       Reflection        |       |       |     6 |       |     3 ||     9
